 Dungeon Crawl Stone Soup version 0.23.0-33-g5e6c059 (webtiles) character file.

Game seed: 0

17773 Borgoz the Grappler (level 12, -8/104 HPs)
             Began as a Ghoul Monk on Feb 26, 2019.
             Was a Priest of Ashenzari.
             Mangled by a cyan ugly thing (12 damage)
             ... on level 12 of the Dungeon.
             The game lasted 00:35:01 (13116 turns).

Borgoz the Grappler (Ghoul Monk)                   Turns: 13116, Time: 00:35:01

Health: -8/104     AC: 17    Str: 22    XL:     12   Next: 51%
Magic:  19/19      EV: 13    Int:  7    God:    Ashenzari [***...]
Gold:   689        SH:  0    Dex: 13    Spells: 20/22 levels left

rFire    + . .     SeeInvis +     - Unarmed
rCold    + . .     Gourm    .   (no shield)
rNeg     + + +     Faith    .   B - +3 chain mail {rF+}
rPois    ∞         Spirit   .   c - +0 helmet (curse)
rElec    .         Reflect  .   h - scarf {cloud immunity}
rCorr    .         Harm     .   p - +1 pair of gloves
MR       .....                  (no boots)
Stlth    ..........             (no amulet)
HPRegen  0.00/turn              k - +6 ring of strength (curse)
MPRegen  0.16/turn              (no ring)

@: rotting
A: rotting body, claws 1, carnivore, cold resistance 1, negative energy
resistance 3, inhibited regeneration, torment resistance, unbreathing
a: Curse Item, Scrying, Renounce Religion


You were on level 12 of the Dungeon.
You worshipped Ashenzari.
Ashenzari was most pleased with you.
You were not hungry.

You visited 2 branches of the dungeon, and saw 13 of its levels.
You also visited: Ossuary and Ice Cave.

You collected 689 gold pieces.

Inventory:

Hand Weapons
 E - a +0 short sword of distortion
Armour
 c - a cursed +0 helmet (worn)
 h - a scarf of cloud immunity (worn)
 p - a +1 pair of gloves (worn)
 x - a scarf of repulsion
 B - a +3 chain mail of fire resistance (worn)
Jewellery
 k - a cursed +6 ring of strength (left hand)
 o - an uncursed amulet of magic regeneration
Wands
 q - a wand of polymorph (6)
 u - a wand of digging (4)
 y - a wand of iceblast (8)
 D - a wand of acid (9)
 F - a wand of scattershot (5)
Scrolls
 a - a scroll of enchant armour
 e - a scroll of blinking
 f - 9 scrolls of remove curse
 g - a scroll of amnesia
 j - 4 scrolls of fear
 r - 7 scrolls of teleportation
 t - a scroll of torment
 v - 2 scrolls of silence
 w - 4 scrolls of identify
 A - a scroll of brand weapon
Potions
 d - 2 potions of curing
 i - 2 potions of haste
 l - 4 potions of resistance
 m - a potion of brilliance
 s - 3 potions of flight
 z - a potion of cancellation
 C - a potion of magic
Comestibles
 b - 32 rations


   Skills:
 + Level 9.0 Fighting
 + Level 7.3 Armour
 * Level 10.1 Dodging
 - Level 2.5 Stealth
 + Level 10.4 Unarmed Combat
 + Level 5.9 Spellcasting
 - Level 6.0 Translocations


You had 20 spell levels left.
You knew the following spells:

 Your Spells              Type           Power        Failure   Level  Hunger
a - Blink                 Tloc           N/A          22%         2    ##.....

Your spell library contained the following spells:

 Spells                   Type           Power        Failure   Level  Hunger
 Magic Dart               Conj           #...         88%         1    #......
 Sandblast                Erth           #.....       88%         1    #......
 Summon Butterflies       Summ           #.......     88%         1    #......
 Call Imp                 Summ           #.......     95%         2    ##.....
 Passwall                 Tmut/Erth      #.......     95%         2    ##.....
 Slow                     Hex            #.......     95%         2    ##.....
 Call Canine Familiar     Summ           #.......     99%         3    ###....
 Conjure Flame            Conj/Fire      #.......     99%         3    ###....
 Mephitic Cloud           Conj/Pois/Air  #.......     99%         3    ###....
 Stone Arrow              Conj/Erth      #.....       99%         3    ###....
 Petrify                  Tmut/Erth      #.......     100%        4    #####..
 Summon Ice Beast         Ice/Summ       #.......     100%        4    #####..
 Lee's Rapid Deconstruct  Erth           #.........   100%        5    ######.
 Metabolic Englaciation   Hex/Ice        #.........   100%        5    ######.
 Summon Mana Viper        Hex/Summ       #.......     100%        5    ######.
 Bolt of Cold             Conj/Ice       #.........   100%        6    #######
 Freezing Cloud           Conj/Ice/Air   #.........   100%        6    #######
 Ozocubu's Refrigeration  Ice            #.........   100%        6    #######
 Simulacrum               Ice/Necr       #.........   100%        6    #######
 Summon Hydra             Summ           #.........   100%        7    #######
 Ice Form                 Ice/Tmut       Unusable     N/A         4    N/A

Dungeon Overview and Level Annotations

Branches:
Dungeon (12/15)            Temple (1/1) D:6            Lair (0/6) D:11
    Orc (0/2) D:12

Altars:
Ashenzari
Cheibriados
Dithmenos
Elyvilon
Fedhas
Gozag
Hepliaklqana
Kikubaaqudgha
Makhleb
Nemelex Xobeh
Okawaru
Qazlal
Ru
Sif Muna
Trog
Uskayaw
Vehumet
Wu Jian
Xom
Yredelemnul
Zin
The Shining One

Shops:
D:4 *   D:10 (   D:11 [


Innate Abilities, Weirdness & Mutations

Your body is rotting away.
You thrive on raw meat.
You are immune to poison.
You have sharp fingernails.
You are carnivorous and can eat meat at any time.
Your flesh is cold resistant. (rC+)
You are immune to negative energy. (rN+++)
You do not regenerate when monsters are visible.
You are immune to unholy pain and torment.
You can survive without breathing.


Message History

You punch the cyan ugly thing! Your punch misses the cyan ugly thing.
The cyan ugly thing is severely wounded.
You hit the cyan ugly thing.
The cyan ugly thing is severely wounded.
The orc hits you but does no damage. The cyan ugly thing barely misses you.
You closely miss the cyan ugly thing.
The cyan ugly thing is severely wounded.
The cyan ugly thing misses you. The orc hits you but does no damage.
You punch the cyan ugly thing!
The cyan ugly thing is almost dead.
The cyan ugly thing claws you but does no damage.
You barely miss the cyan ugly thing. You punch the cyan ugly thing.
The cyan ugly thing is almost dead.
A wight comes into view. It is wielding a +3 war axe.
The orc misses you.
A wight comes into view. It is wielding a +2 battleaxe.
The cyan ugly thing claws you.
* * * LOW HITPOINT WARNING * * *
The cyan ugly thing shocks you!
You die...

... , .... , ,...., ,,
*, , ** ... ,⌠, ,
###'######* ,, , ,
.#........# , ,, *
≈.........# , ,
≈......>..<# * ,
.......@..#,* ,
.....≈ou### *,,,, ,
.....≈≈z.,,, , , ,
.......... , ,,
...........* ,, ,
*##........§# , , ,
##?....§§§§ ####......
#z.z..§§§#.#..........
, * #..........


You could see a cyan ugly thing, 3 wights and an orc.

Vanquished Creatures
  Harold (D:8)
  A centaur warrior (D:12)
  Erica (D:9)
  3 two-headed ogres
  Urug (D:10)
  2 ugly things (IceCv)
  Joseph (D:7)
  3 ice statues (IceCv)
  A hornet (D:8)
  3 hippogriffs
  A vampire (D:10)
  A shadow (D:11)
  A wraith (D:12)
  A wyvern (D:10)
  17 yaks
  Eustachio (D:6)
  Grum (D:9)
  2 hungry ghosts
  Menkaure (D:4)
  2 soldier ants (D:8)
  A water moccasin (D:11)
  An orc warrior (D:11)
  4 black bears (D:11)
  7 ice beasts
  2 sky beasts (D:9)
  2 ogres
  An eye of draining (D:8)
  3 wolves (D:9)
  3 phantoms
  10 centaurs
  A crocodile (D:11)
  A big kobold (D:10)
  7 bullfrogs
  A gnoll sergeant (D:7)
  3 scorpions
  2 water moccasin skeletons
  19 killer bees
  A howler monkey (D:10)
  2 electric eels (D:8)
  4 crimson imps
  5 centaur zombies (Ossuary)
  A quasit (D:11)
  7 hounds
  3 jellies
  A bullfrog skeleton (D:6)
  3 orc priests
  13 orc wizards
  A centaur skeleton (D:9)
  An iguana (D:9)
  Jessica (D:3)
  A hell rat (D:12)
  10 worker ants
  A killer bee zombie (D:9)
  A hound zombie (D:6)
  7 mummies (Ossuary)
  6 gnolls
  14 adders
  A shadow imp (D:8)
  12 white imps (D:12)
  An ooze (D:1)
  An adder skeleton (D:9)
  5 adder zombies
  A worm (D:2)
  2 dart slugs (D:2)
  8 leopard geckos
  50 orcs
  2 giant cockroaches
  5 goblins
  6 hobgoblins
  12 jackals
  6 quokkas
  3 ball pythons
  8 bats
  4 frilled lizards
  A gnoll zombie (Ossuary)
  5 goblin zombies (Ossuary)
  A hobgoblin zombie (Ossuary)
  13 kobolds
  7 kobold zombies (Ossuary)
  3 quokka zombies (Ossuary)
  8 rats
  4 rat zombies (Ossuary)
365 creatures vanquished.

Vanquished Creatures (others)
  An orc warrior (D:9)
  A centaur (D:12)
  17 fungi (D:11)
  3 plants (D:12)
22 creatures vanquished.

Grand Total: 387 creatures vanquished

Notes
Turn   | Place    | Note
-------+----------+-------------------------------------------
     0 | D:1      | Borgoz the Ghoul Monk began the quest for the Orb.
     0 | D:1      | Reached XP level 1. HP: 19/19 MP: 0/0
   351 | D:1      | Reached XP level 2. HP: 23/26 MP: 1/1
   829 | D:1      | Reached XP level 3. HP: 24/31 MP: 2/2
  1156 | D:2      | Reached XP level 4. HP: 16/40 MP: 3/3
  1807 | D:3      | Reached skill level 1 in Armour
  1995 | D:3      | Reached skill level 5 in Unarmed Combat
  1995 | D:3      | Reached XP level 5. HP: 41/46 MP: 4/4
  2090 | D:3      | Noticed Jessica
  2100 | D:3      | Killed Jessica
  2332 | D:3      | Reached XP level 6. HP: 52/52 MP: 5/5
  2456 | D:4      | Noticed Menkaure
  2469 | D:4      | Killed Menkaure
  2660 | D:4      | Found Desekeoq's Assorted Antiques.
  2674 | D:4      | Noticed a phantom
  2692 | D:4      | Killed a phantom
  2692 | D:4      | Reached XP level 7. HP: 46/59 MP: 6/6
  2912 | D:5      | Entered Level 5 of the Dungeon
  3021 | D:5      | Learned a level 2 spell: Blink
  3032 | D:5      | Noticed a fire elemental
  3033 | D:5      | Found a stormy altar of Qazlal.
  3037 | D:5      | Noticed a water elemental
  3037 | D:5      | Noticed an air elemental
  3224 | D:5      | Found a sacrificial altar of Ru.
  3276 | D:5      | HP: 2/59 [centaur/arrow (12)]
  3458 | D:5      | Reached skill level 1 in Translocations
  3682 | D:5      | Found an opulent altar of Gozag.
  3688 | D:5      | Found a glowing golden altar of the Shining One.
  3906 | D:6      | Reached skill level 1 in Spellcasting
  3982 | D:6      | Reached XP level 8. HP: 61/67 MP: 8/8
  3988 | D:6      | Noticed a hippogriff
  4000 | D:6      | Killed a hippogriff
  4059 | D:6      | Found a staircase to the Ecumenical Temple.
  4061 | D:6      | Noticed Eustachio
  4392 | D:6      | Killed Eustachio
  4482 | D:6      | Found a basalt altar of Yredelemnul.
  4597 | D:6      | Reached skill level 5 in Fighting
  4667 | D:6      | Reached skill level 5 in Dodging
  4862 | D:7      | Noticed Joseph
  4919 | Temple   | Entered the Ecumenical Temple
  5011 | Temple   | Became a worshipper of Ashenzari the Shackled
  5011 | Temple   | Reached * piety under Ashenzari
  5011 | Temple   | Reached ** piety under Ashenzari
  5057 | D:7      | Reached XP level 9. HP: 46/74 MP: 11/11
  5453 | D:7      | Found an ancient bone altar of Kikubaaqudgha.
  5508 | D:7      | Killed Joseph
  5661 | D:7      | Found a white marble altar of Elyvilon.
  5802 | D:7      | Found a sparkling altar of Nemelex Xobeh.
  6061 | D:8      | Found a sand-covered staircase.
  6080 | Ossuary  | Entered an ossuary
  7081 | D:8      | Found a burning altar of Makhleb.
  7172 | D:8      | Noticed a hornet
  7190 | D:8      | Killed a hornet
  7216 | D:8      | Reached XP level 10. HP: 22/78 MP: 14/14
  7251 | D:8      | Noticed Harold
  7271 | D:8      | Killed Harold
  7271 | D:8      | Reached skill level 5 in Armour
  8152 | D:9      | Noticed Erica
  8197 | D:9      | Killed Erica
  8846 | D:9      | Noticed Grum
  8885 | D:9      | Killed Grum
  9060 | D:8      | Reached skill level 5 in Translocations
  9060 | D:8      | Reached XP level 11. HP: 50/92 MP: 16/16
  9356 | D:9      | Found a blossoming altar of Fedhas.
  9438 | D:10     | Entered Level 10 of the Dungeon
  9438 | D:10     | Noticed a two-headed ogre
  9450 | D:10     | Killed a two-headed ogre
  9471 | D:10     | Noticed Urug
  9482 | D:10     | Killed Urug
  9628 | D:10     | Reached skill level 5 in Spellcasting
  9777 | D:10     | Found Tixt's Weapon Shop.
 10357 | D:11     | Reached *** piety under Ashenzari
 10375 | D:11     | Found Qonoa's Armour Shop.
 10654 | D:11     | Found a staircase to the Lair.
 10769 | D:11     | Noticed Sonja
 11015 | D:11     | Noticed Sonja
 11015 | D:11     | Sonja changed into Sonja the water moccasin
 11030 | D:11     | Killed Sonja the water moccasin
 11196 | D:11     | Noticed a two-headed ogre
 11205 | D:11     | Killed a two-headed ogre
 11205 | D:11     | Reached XP level 12. HP: 47/102 MP: 17/19
 11411 | D:11     | Reached skill level 10 in Unarmed Combat
 11466 | D:12     | Identified a scroll of acquirement
 11538 | D:12     | Found a frozen archway.
 11640 | D:12     | Noticed a two-headed ogre
 11650 | IceCv    | Entered an ice cave
 11890 | IceCv    | HP: 5/103 [ice statue] (7)]
 12573 | D:12     | Noticed a centaur warrior
 12589 | D:12     | Killed a two-headed ogre
 12589 | D:12     | Reached skill level 10 in Dodging
 12616 | D:12     | HP: 5/103 [centaur warrior (9)]
 12617 | D:12     | Killed a centaur warrior
 13116 | D:12     | HP: 4/104 [cyan ugly thing (5)]
 13116 | D:12     | Mangled by a cyan ugly thing

Skill      XL: |  1  2  3  4  5  6  7  8  9 10 11 12 |
---------------+-------------------------------------+-----
Dodging        | 3 4 5 6 8 9 10 | 10.1
Unarmed Combat | 4 5 6 7 8 9 10 | 10.4
Armour         | 1 2 3 4 5 6 7 |  7.3
Fighting       | 4 5 6 7 8 9 |  9.0
Translocations | 1 2 3 5 6 |  6.0
Spellcasting   | 1 2 3 4 5 |  5.9
Stealth        | |  2.5

Action                   |  1- 3 |  4- 6 |  7- 9 | 10-12 || total
-------------------------+-------+-------+-------+-------++-------
Melee: Unarmed           |   106 |   207 |   646 |  1099 ||  2058
       Punch             |     1 |     1 |    24 |    39 ||    65
Throw: Throwing net      |       |       |     3 |     2 ||     5
 Cast: Blink             |       |       |     1 |     1 ||     2
Evoke: Wand              |       |       |       |     3 ||     3
  Use: Potion            |     2 |     4 |     4 |    20 ||    30
       Scroll            |       |     9 |     6 |     8 ||    23
 Stab: Sleeping          |     1 |     1 |     4 |       ||     6
       Held in net/web   |       |       |     2 |       ||     2
       Distracted        |       |       |     1 |       ||     1
  Eat: Chunk             |     4 |    13 |    63 |    85 ||   165
Armor: Ring mail         |    35 |    56 |   227 |    18 ||   336
       Chain mail        |       |       |       |   690 ||   690
Dodge: Dodged            |    59 |    79 |   405 |   773 ||  1316
